 Dungeon Crawl Stone Soup version 0.28-a0-909-g796cbd3a86 (webtiles) character file.

Game seed: 12099058279527769558

1857 blank1 the Basher (level 8, -3/76 (77) HPs)
             Began as a Minotaur Fighter on Nov 24, 2021.
             Was an Initiate of Okawaru.
             Slain by mnm's ghost (14 damage)
             ... on level 6 of the Dungeon.
             The game lasted 00:09:48 (7058 turns).

blank1 the Basher (Minotaur Fighter)                Turns: 7058, Time: 00:09:49

HP:   -3/76 (77)    AC: 12    Str: 28    XL:     8   Next: 89%
MP:   9/9           EV:  9    Int:  5    God:    Okawaru [......]
Gold: 269           SH:  4    Dex: 11    Spells: 7/7 levels left

rFire   . . .      SeeInvis .   a - +0 flail
rCold   . . .      Faith    .   c - +0 buckler
rNeg    + . .      Spirit   .   y - +0 chain mail
rPois   .          Reflect  .   (helmet restricted)
rElec   .          Harm     .   b - +0 cloak
rCorr   .          Rampage  .   r - +0 pair of gloves
Will    .....                   (no boots)
Stlth   ..........              (no amulet)
HPRegen 0.22/turn               e - ring of positive energy
MPRegen 0.11/turn               A - +6 ring of strength

@: lightly drained
A: horns 2, retaliatory headbutt
a: Renounce Religion


You were on level 6 of the Dungeon.
You worshipped Okawaru.
Okawaru was noncommittal.
You visited 2 branches of the dungeon, and saw 7 of its levels.
You also visited: Ossuary.

You collected 269 gold pieces.

Inventory:

Hand Weapons
 a - a +0 flail (weapon)
Armour
 b - a +0 cloak (worn)
 c - a +0 buckler (worn)
 r - a +0 pair of gloves (worn)
 y - a +0 chain mail (worn)
Jewellery
 e - a ring of positive energy (left hand)
 A - a +6 ring of strength (right hand)
Wands
 m - a wand of iceblast (4)
 w - a wand of polymorph (15)
Scrolls
 g - a scroll of amnesia
 h - a scroll of summoning {unknown}
 i - a scroll of torment {unknown}
 k - 2 scrolls of magic mapping
 l - 5 scrolls of teleportation {unknown}
 p - a scroll of blinking {unknown}
 u - a scroll of silence {unknown}
 v - a scroll of fog {unknown}
 x - a scroll of enchant weapon {unknown}
Potions
 d - 3 potions of might
 f - 8 potions of curing
 j - 6 potions of flight
 n - 3 potions of attraction
 o - 2 potions of degeneration
 q - a potion of lignification
 s - a potion of haste
 t - a potion of brilliance {unknown}
 z - a potion of resistance {unknown}


   Skills:
 + Level 8.8 Fighting
 + Level 8.8 Maces & Flails
 + Level 6.1 Armour
 - Level 3.0 Dodging
 - Level 4.0 Shields
 - Level 3.0 Invocations


You had 7 spell levels left.
You didn't know any spells.
Your spell library contained the following spells:

 Spells                   Type           Power      Damage    Failure   Level
 Magic Dart               Conj           0%         1d3       95%         1
 Searing Ray              Conj           0%         2d4       99%         2
 Dazzling Flash           Conj/Hex       0%         N/A       100%        3
 Fulminant Prism          Conj/Hex       0%         3d6       100%        4
 Iskenderun's Mystic Bla  Conj/Tloc      0%         2d3       100%        4
 Fireball                 Conj/Fire      0%         3d3       100%        5
 Starburst                Conj/Fire      0%         6d3       100%        6
 Ignition                 Fire           0%         3d3       100%        8


Dungeon Overview and Level Annotations

Branches:
Dungeon (6/15)             Temple (1/1) D:5         Ossuary (visited)

Altars:
Dithmenos
Elyvilon
Hepliaklqana
Kikubaaqudgha
Makhleb
Nemelex Xobeh
Okawaru
Trog
Uskayaw
Xom
Zin
The Shining One

Shops:
D:3 !

Annotations:
D:6 mnm's ghost, novice BaFi


Innate Abilities, Weirdness & Mutations

You have a pair of horns on your head.
You reflexively headbutt those who attack you in melee.


Message History

Mnm's ghost barely misses you. You furiously retaliate!
You headbutt mnm's ghost, but do no damage.
You barely miss mnm's ghost. Your headbutt misses mnm's ghost.
Mnm's ghost is moderately damaged.
Mnm's ghost hits you.
You hit mnm's ghost.
Mnm's ghost is moderately damaged.
Mnm's ghost hits you!
You closely miss mnm's ghost. You headbutt mnm's ghost.
Mnm's ghost is moderately damaged.
Mnm's ghost barely misses you.
You hit mnm's ghost but do no damage.
You headbutt mnm's ghost, but do no damage.
Mnm's ghost is moderately damaged.
Mnm's ghost hits you but does no damage.
You closely miss mnm's ghost. You headbutt mnm's ghost.
Mnm's ghost is heavily damaged.
Mnm's ghost hits you!
You thump mnm's ghost!
Mnm's ghost is heavily damaged.
Mnm's ghost hits you.
* * * LOW HITPOINT WARNING * * *
You hit mnm's ghost but do no damage. You headbutt mnm's ghost.
Mnm's ghost is severely damaged.
Mnm's ghost hits you!
* * * LOW HITPOINT WARNING * * *
You hit mnm's ghost but do no damage. Your headbutt misses mnm's ghost.
Mnm's ghost is severely damaged.
Mnm's ghost hits you but does no damage.
You hit mnm's ghost but do no damage.
Mnm's ghost is severely damaged.
Mnm's ghost barely misses you.
You closely miss mnm's ghost.
You headbutt mnm's ghost, but do no damage.
Mnm's ghost is severely damaged.
Mnm's ghost closely misses you.
You closely miss mnm's ghost.
Mnm's ghost is severely damaged.
Mnm's ghost hits you!
You die...

##.#...<....# #.########
#.##.#####.# #.##.....##
#.##.# #.# #.#.......##
#.##.# #.# #...)).....##
#.##.# #.# #.#.))###...##
#.##.# #.#
#...)##⌠##...##
#(##.#####.#
#...##...##...#
##.#.#.##...#
#..##..!..##..#
)...###....##
#.@W...♣..⌠#..####
)###.#.##..#
#..##..?..##.....# .#
##.###..#
#...##...##....#.# .# ###
#..# #....##⌠##...###.##
.#
#..####.#...###...###...#
.#
#.....#.##.......####...#
.#
#.###.#..........##......
.# #.#
#.#############...... .#
#.# #.# #......


You could see mnm's ghost.

Vanquished Creatures
  A steam dragon (D:6)
  A sky beast (D:5)
  A black bear (D:6)
  A necrophage (D:6)
  An ogre (D:5)
  2 phantoms
  An elf zombie (Ossuary)
  2 kobold brigands (D:6)
  2 scorpions
  3 wights (D:6)
  2 howler monkeys
  A human zombie (Ossuary)
  A jelly (D:5)
  2 bullfrog skeletons
  A hound (D:4)
  3 orc priests
  3 centaur skeletons
  An iguana (D:4)
  An orc wizard (D:3)
  2 mummies (Ossuary)
  8 adders
  7 gnolls
  2 shadow imps
  A white imp (D:6)
  An ufetubus (D:4)
  2 adder zombies (Ossuary)
  An adder skeleton (D:4)
  A worm (D:5)
  14 orcs
  5 bats
  An endoplasm (D:1)
  4 giant cockroaches
  8 goblins
  6 hobgoblins
  10 jackals
  6 quokkas
  6 ball pythons
  4 frilled lizards
  2 goblin zombies (Ossuary)
  4 hobgoblin zombies (Ossuary)
  2 jackal zombies (Ossuary)
  12 kobolds
  11 kobold zombies (Ossuary)
  11 orc zombies (Ossuary)
  4 rats (D:1)
  3 rat zombies (Ossuary)
168 creatures vanquished.

Vanquished Creatures (others)
  8 plants
8 creatures vanquished.

Grand Total: 176 creatures vanquished

Notes
Turn   | Place    | Note
-------+----------+-------------------------------------------
     0 | D:1      | blank1 the Minotaur Fighter began the quest for the Orb.
     0 | D:1      | Reached XP level 1. HP: 19/19 MP: 0/0
   148 | D:1      | Found a faded altar of an unknown god.
   216 | D:1      | Reached XP level 2. HP: 24/27 MP: 1/1
   779 | D:1      | Reached skill level 1 in Dodging
   789 | D:1      | Reached XP level 3. HP: 14/33 MP: 2/2
  1272 | D:2      | Reached XP level 4. HP: 41/41 MP: 3/3
  2063 | D:3      | Reached skill level 5 in Fighting
  2109 | D:3      | Reached XP level 5. HP: 48/48 MP: 4/4
  2136 | D:3      | Reached skill level 5 in Maces & Flails
  2356 | D:3      | Found Koty's Distillery.
  2561 | D:3      | Noticed a phantom
  2574 | D:3      | Killed a phantom
  2575 | D:3      | Reached XP level 6. HP: 31/56 MP: 5/5
  3392 | D:4      | Reached XP level 7. HP: 60/63 MP: 6/6
  3464 | D:4      | Reached skill level 5 in Armour
  4073 | D:5      | Entered Level 5 of the Dungeon
  4377 | D:5      | Found a staircase to the Ecumenical Temple.
  4387 | Temple   | Entered the Ecumenical Temple
  4492 | Temple   | Became a worshipper of Warmaster Okawaru
  4798 | D:5      | Reached skill level 1 in Invocations
  4798 | D:5      | Reached XP level 8. HP: 56/73 MP: 7/7
  5398 | D:6      | Found a sand-covered staircase.
  5403 | Ossuary  | Entered an ossuary
  6617 | D:6      | Noticed mnm's ghost (novice BaFi)
  6621 | D:6      | Found a runed translucent door.
  7058 | D:6      | Slain by mnm's ghost

Illustrated notes

Levels and vault maps discovered:
D:1:      minmay_arrival_stone_box, layout_basic, ebering_ecumenical_altar_mist
D:2:      layout_basic
D:3:      layout_rooms, serial_shops, nicolae_diamond_shop,
          minmay_misc_feat_alley, kennysheep_another_room,
          kennysheep_pointless_box, minmay_between
D:4:      layout_loops_ring, serial_forest, infiniplex_forest_clump_small,
          infiniplex_forest_straight_5, infiniplex_forest_zigzag_2,
          infiniplex_forest_clump_diagonal, infiniplex_forest_clump_medium,
          infiniplex_forest_end_1, infiniplex_forest_straight_3
D:5:      layout_loops_ring, minmay_temple_entry_gardened_gates
D:6:      layout_loops_ring, nicolae_ossuary_entry_plus,
          hellmonk_ghost_happy_afterlife
Temple:   nicolae_temple_elliptical

Skill      XL: |  1  2  3  4  5  6  7  8 |
---------------+-------------------------+-----
Dodging        | 1 2 3 |  3.0
Fighting       | 4 5 6 7 8 |  8.8
Armour         | 4 5 6 |  6.1
Shields        | 4 |  4.0
Maces & Flails | 3 4 5 6 7 8 |  8.8
Invocations    | 1 3 |  3.0

Action                   |  1- 3 |  4- 6 |  7- 9 || total
-------------------------+-------+-------+-------++-------
Melee: Flail             |    65 |   161 |   277 ||   503
       Headbutt          |     7 |    20 |    63 ||    90
  Use: Scroll            |       |     2 |     6 ||     8
Armor: Scale mail        |    30 |    64 |    59 ||   153
       Chain mail        |       |       |    25 ||    25
Dodge: Dodged            |    35 |    85 |   124 ||   244
Block: Buckler           |    11 |    30 |    40 ||    81

Table legend: (Time is in decaauts)
 A = Elapsed time spent in this place.
 B = Non-inter-level travel time spent in this place.
 C = Inter-level travel time spent in this place.
 D = Time resting spent in this place.
 E = Time spent auto-exploring this place.
 F = Levels seen in this place.
 G = Mean time per level.
                   A        B        C        D        E       F      G
               +--------+--------+--------+--------+--------+-----+--------+
         Total |   7105 |   6945 |    160 |    996 |   4773 |   8 |  888.1 |
       Dungeon |   6519 |   6392 |    127 |    830 |   4623 |   6 | 1086.5 |
        Temple |    139 |    106 |     33 |      0 |     70 |   1 |  139.0 |
       Ossuary |    446 |    446 |      0 |    166 |     80 |   1 |  446.0 |
               +--------+--------+--------+--------+--------+-----+--------+

Top non-repeatable levels by time:
     D:6: 1226 daAuts
     D:4: 1190 daAuts
     D:5: 1172 daAuts
     D:1: 1029 daAuts
     D:3: 956 daAuts
     D:2: 945 daAuts
 Ossuary: 446 daAuts
  Temple: 139 daAuts
